 Dungeon Crawl Stone Soup version 0.27-a0-760-gc38aae387d (webtiles) character file.

Game seed: 9515620391059787114

16592 polve the Spear-Bearer (level 12, -8/96 HPs)
             Began as a Demonspawn Berserker on Mar 25, 2021.
             Was an Elder of Trog.
             Mangled by a frost giant
             ... wielding a +2 battleaxe of freezing
              (20 damage)
             ... in an ice cave.
             The game lasted 00:17:21 (11446 turns).

polve the Spear-Bearer (Demonspawn Berserker)      Turns: 11446, Time: 00:17:22

Health: -8/96      AC: 12    Str: 22    XL:     12   Next: 11%
Magic:  12/12      EV: 15    Int:  8    God:    Trog [****..]
Gold:   738        SH:  0    Dex: 14    Spells: 11/11 levels left

rFire    . . .     SeeInvis +   b - +0 lajatang (flame)
rCold    . . .     Faith    .   (shield currently unavailable)
rNeg     . . .     Spirit   .   o - +0 ring mail
rPois    +         Reflect  .   s - +0 hat {SInv}
rElec    .         Harm     .   n - +0 cloak
rCorr    .         Rampage  .   u - +0 pair of gloves
Will     .....                  g - +2 pair of boots
Stlth    +.........             i - amulet of regeneration
HPRegen  1.26/turn              m - ring of poison resistance
MPRegen  0.13/turn              l - +4 ring of evasion

@: no status effects
A: horns 2, yellow scales 1, powered by death 2, spiny 2
a: Renounce Religion, Berserk, Trog's Hand, Brothers in Arms


You were in an ice cave.
You worshipped Trog.
Trog was greatly pleased with you.
You visited 2 branches of the dungeon, and saw 10 of its levels.
You also visited: Ice Cave.

You collected 738 gold pieces.

Inventory:

Hand Weapons
 a - a +0 trident
 b - a +0 lajatang of flaming (weapon)
Armour
 g - a +2 pair of boots (worn)
 n - a +0 cloak (worn)
 o - a +0 ring mail (worn)
 s - a +0 hat of see invisible (worn)
 u - a +0 pair of gloves (worn)
Jewellery
 d - a ring of positive energy
 i - an amulet of regeneration (around neck)
 l - a +4 ring of evasion (left hand)
 m - a ring of poison resistance (right hand)
 v - the amulet "Purphafeo" {Faith Int+4}
   (You found it in an ice cave)

   [amulet of faith]

   It allows you to gain divine favour quickly.
   It affects your intelligence (+4).
Wands
 w - a wand of charming (9)
 x - a wand of digging (3)
 y - a wand of polymorph (19)
Scrolls
 e - a scroll of vulnerability
 f - 2 scrolls of magic mapping
 k - 3 scrolls of blinking
 p - 4 scrolls of teleportation
 r - a scroll of brand weapon
Potions
 c - 5 potions of ambrosia
 h - a potion of berserk rage {unknown}
 j - 6 potions of flight
 q - a potion of heal wounds
 t - a potion of lignification
 A - a potion of might


   Skills:
 + Level 9.5 Fighting
 - Level 14.0(14.7) Polearms
 + Level 8.1(12.0) Staves
 - Level 1.7 Armour
 - Level 1.7 Dodging


You had 11 spell levels left.
You didn't know any spells.
Your spell library was empty.

Dungeon Overview and Level Annotations

Branches:
Dungeon (9/15)             Temple (0/1) D:5            Lair (1/6) D:8
  IceCv (1/1)
    Orc: D:9-12

Altars:
Ashenzari
Cheibriados
Gozag
Makhleb
Ru
Sif Muna
Trog
Xom
Zin
The Shining One

Shops:
D:1 [

Annotations:
D:9 exclusion: obsidian statue


Innate Abilities, Weirdness & Mutations

You have a pair of horns on your head.
You are partially covered in yellow scales. (AC +2)
You regenerate health from kills.
You are mostly covered in sharp spines.


Message History

The polar bear is severely wounded.
You hit the polar bear but do no damage.
You headbutt the polar bear, but do no damage.
The polar bear is severely wounded.
The polar bear goes berserk!
You hit the polar bear but do no damage.
You headbutt the polar bear, but do no damage.
The polar bear is severely wounded.
The polar bear bites you!
The polar bear claws you but does no damage.
The polar bear barely misses you.
You hear an angry growl.
You slash the polar bear! You burn the polar bear.
You kill the polar bear!
Trog accepts your kill.
You hear a bellow! x2
You barely miss the frost giant.
The frost giant hits you with a +2 battleaxe of freezing!
The frost giant freezes you.
You slash the frost giant! You burn the frost giant.
The frost giant is lightly wounded.
The frost giant is struck by your spines.
The frost giant hits you with a +2 battleaxe of freezing.
The frost giant freezes you.
You slash the frost giant! You burn the frost giant.
The frost giant is heavily wounded.
You completely miss the frost giant.
The frost giant is heavily wounded.
The frost giant points at you and mumbles some strange words.
The bolt of cold hits you!!!
* * * LOW HITPOINT WARNING * * *
You hit the frost giant but do no damage.
The frost giant is heavily wounded.
The frost giant misses you.
You slash the frost giant! You burn the frost giant.
You headbutt the frost giant!
The frost giant is severely wounded.
The frost giant is struck by your spines.
The frost giant hits you with a +2 battleaxe of freezing!!
You die...

##### ##.#C## #######
##### #.⌠@#.########hh.##.
≈≈≈≈≈###.###h#..#...##..h#
#≈≈≈#######..#.h########
#≈≈≈#≈≈.#####..#
##≈≈≈≈#≈..##..##
####≈≈#≈≈≈##...###
##.≈≈####≈≈≈##### ##
#..### ≈≈≈≈#≈≈# .###
##..###≈≈≈≈≈≈≈≈≈


You could see a frost giant.

Vanquished Creatures
  Gastronok (D:8)
  A two-headed ogre (D:8)
  2 death yaks (IceCv)
  2 cane toads (Lair:1)
  2 komodo dragons (Lair:1)
  A rime drake (Lair:1)
  A queen bee (D:9)
  13 polar bears (IceCv)
  2 trolls
  Grinder (D:3)
  A shadow (D:9)
  A ynoxinul (D:9)
  2 wyverns
  18 yaks
  An acid dragon (D:9)
  2 water moccasins
  A black bear (D:6)
  A hornet zombie (D:7)
  An ice beast (D:6)
  15 wolves
  2 ogres
  2 centaurs
  3 bullfrogs
  2 scorpions
  35 killer bees
  6 wights
  6 electric eels (D:8)
  3 howler monkeys
  A centaur zombie (D:8)
  2 gnoll shamans
  4 hounds
  A centaur skeleton (D:4)
  3 orc priests (D:8)
  An iguana (D:6)
  An orc wizard (D:8)
  A worker ant (D:6)
  3 hound skeletons (D:4)
  14 gnolls
  2 adders
  A shadow imp (D:7)
  3 white imps
  5 worms
  A dart slug (D:1)
  7 orcs
  7 endoplasms
  2 giant cockroaches
  3 hobgoblins
  6 jackals (D:1)
  3 quokkas
  10 ball pythons
  4 bats
  2 frilled lizards (D:1)
  3 goblins
  5 kobolds
  3 rats (D:1)
226 creatures vanquished.

Vanquished Creatures (others)
  A wolf (IceCv)
1 creature vanquished.

Grand Total: 227 creatures vanquished

Notes
Turn   | Place    | Note
-------+----------+-------------------------------------------
     0 | D:1      | polve the Demonspawn Berserker began the quest for the Orb.
     0 | D:1      | Reached XP level 1. HP: 18/18 MP: 1/1
   329 | D:1      | Reached skill level 3 in Polearms
   349 | D:1      | Gained mutation: You are partially covered in sharp spines.
                  | [demonic ancestry]
   349 | D:1      | Reached XP level 2. HP: 12/24 MP: 2/2
   545 | D:1      | Found Meng's Armour Shoppe.
  1069 | D:1      | Reached ** piety under Trog
  1401 | D:2      | Reached skill level 4 in Polearms
  1401 | D:2      | Gained mutation: You are partially covered in yellow
                  | scales. (AC +2) [demonic ancestry]
  1401 | D:2      | Reached XP level 3. HP: 25/29 MP: 3/3
  2797 | D:3      | Noticed Grinder
  2807 | D:3      | Killed Grinder
  2808 | D:3      | Reached skill level 6 in Polearms
  2808 | D:3      | Gained mutation: You are mostly covered in sharp spines.
                  | [demonic ancestry]
  2808 | D:3      | Reached XP level 4. HP: 28/35 MP: 4/4
  2808 | D:3      | Gained mutation: You regenerate a little health from kills.
                  | [demonic ancestry]
  2808 | D:3      | Reached XP level 5. HP: 33/41 MP: 5/5
  3041 | D:3      | Reached XP level 6. HP: 47/47 MP: 6/6
  4040 | D:4      | Found a broken altar of Ashenzari.
  4144 | D:4      | Found a sacrificial altar of Ru.
  4144 | D:4      | Found an opulent altar of Gozag.
  4144 | D:4      | Found a burning altar of Makhleb.
  4150 | D:4      | Reached skill level 7 in Polearms
  4233 | D:5      | Entered Level 5 of the Dungeon
  4327 | D:5      | Reached XP level 7. HP: 42/52 MP: 7/7
  4616 | D:5      | Found a staircase to the Ecumenical Temple.
  4821 | D:5      | Identified the +2 robe of Leafuvut {rPois Slay+3}
  5426 | D:6      | Reached skill level 8 in Polearms
  6506 | D:7      | Reached skill level 9 in Polearms
  6506 | D:7      | Gained mutation: You regenerate health from kills. [demonic
                  | ancestry]
  6506 | D:7      | Reached XP level 8. HP: 58/58 MP: 8/8
  6523 | D:7      | Found a snail-covered altar of Cheibriados.
  7249 | D:8      | Reached skill level 10 in Polearms
  7326 | D:8      | Noticed Gastronok
  7338 | D:8      | Reached *** piety under Trog
  7387 | D:8      | Killed Gastronok
  7388 | D:8      | Reached skill level 12 in Polearms
  7388 | D:8      | Reached XP level 9. HP: 63/63 MP: 9/9
  7548 | D:8      | Found a shimmering altar of Xom.
  7691 | D:8      | Found a staircase to the Lair.
  7713 | D:8      | Noticed a troll
  7726 | D:8      | Reached skill level 13 in Polearms
  7738 | D:8      | Killed a troll
  7739 | D:8      | Reached XP level 10. HP: 37/70 MP: 10/10
  8322 | D:8      | Noticed a two-headed ogre
  8332 | D:8      | Killed a two-headed ogre
  9317 | D:9      | Reached skill level 14 in Polearms
  9327 | D:9      | Reached skill level 1 in Staves
  9339 | D:9      | Reached **** piety under Trog
  9395 | D:9      | Found a bloodstained altar of Trog.
  9484 | D:9      | Noticed an obsidian statue
  9485 | D:9      | Noticed a smoke demon
  9807 | D:9      | Found a shimmering blue altar of Sif Muna.
  9950 | D:9      | Reached skill level 5 in Fighting
 10017 | D:9      | Gained mutation: You have a pair of small horns on your
                  | head. [demonic ancestry]
 10017 | D:9      | Reached XP level 11. HP: 70/80 MP: 11/11
 10388 | Lair:1   | Entered Level 1 of the Lair of Beasts
 10671 | Lair:1   | Reached skill level 5 in Staves
 10846 | Lair:1   | Found a frozen archway.
 10871 | IceCv    | Entered an ice cave
 10948 | IceCv    | Identified the amulet "Purphafeo" {Faith Int+4}
 11112 | IceCv    | Noticed a death yak
 11119 | IceCv    | Killed a death yak
 11396 | IceCv    | Noticed a death yak
 11396 | IceCv    | Noticed a frost giant
 11419 | IceCv    | Gained mutation: You have a pair of horns on your head.
                  | [demonic ancestry]
 11419 | IceCv    | Reached XP level 12. HP: 85/95 MP: 12/12
 11430 | IceCv    | Killed a death yak
 11446 | IceCv    | Mangled by a frost giant

Illustrated notes

Levels and vault maps discovered:
D:1:      minmay_arrival_cross, layout_loops_ring, serial_shops, shop
D:2:      layout_loops_ring, general_overflow_altar, minmay_crystal_water
D:3:      layout_basic, uniq_grinder
D:4:      layout_rooms, ashenzari_altar_1, gammafunk_temple_overflow_claw,
          chequers_serial_rivers_micro_b
D:5:      layout_basic, minmay_temple_entry_junction
D:6:      layout_basic
D:7:      layout_basic, lemuel_crystal_altar
D:8:      layout_loops_corners, tgw_xom, erik_lair_island, uniq_gastronok
D:9:      layout_roguey [special_room_bee],
          nzn_overflow_gifts_of_might_and_magic, lemuel_coloured_pillars_altar,
          minmay_statue_bubble
Lair:1:   layout_regular_city, portal_ice_cave_entry_pillars_2,
          serial_bayou_crossing, serial_bayou_shore_b, serial_bayou_shore_a
IceCv:    ice_cave_caverns_03

Skill      XL: |  1  2  3  4  5  6  7  8  9 10 11 12 |
---------------+-------------------------------------+-----
Polearms       | 3 4 6 7 9 12 13 14 | 14.0
Staves         | 4 7 8 |  8.1
Fighting       | 5 9 |  9.5
Armour         | |  1.7
Dodging        | |  1.7

Action                   |  1- 3 |  4- 6 |  7- 9 | 10-12 || total
-------------------------+-------+-------+-------+-------++-------
Melee: Spear             |   161 |    71 |    49 |       ||   281
       Trident           |       |       |   153 |   172 ||   325
       Lajatang          |       |       |       |   204 ||   204
       Headbutt          |       |       |       |    47 ||    47
Invok: Berserk           |     3 |     1 |     4 |    11 ||    19
       Trog's Hand       |       |       |       |     3 ||     3
  Use: Scroll            |       |       |    13 |     6 ||    19
       Potion            |       |       |       |     8 ||     8
 Stab: Sleeping          |     4 |     1 |       |       ||     5
Armor: Animal skin       |    21 |       |       |       ||    21
       Leather armour    |     2 |     1 |       |       ||     3
       Ring mail         |       |    12 |    53 |   101 ||   166
       Skin              |       |       |       |     5 ||     5
Dodge: Dodged            |    58 |    16 |    66 |   253 ||   393

Table legend: (Time is in decaauts)
 A = Elapsed time spent in this place.
 B = Non-inter-level travel time spent in this place.
 C = Inter-level travel time spent in this place.
 D = Time resting spent in this place.
 E = Time spent auto-exploring this place.
 F = Levels seen in this place.
 G = Mean time per level.
                   A        B        C        D        E       F      G
               +--------+--------+--------+--------+--------+-----+--------+
         Total |  11421 |  11093 |    328 |    370 |   9214 |  11 | 1038.3 |
       Dungeon |  10354 |  10027 |    327 |    207 |   8626 |   9 | 1150.4 |
          Lair |    485 |    485 |      0 |     20 |    353 |   1 |  485.0 |
      Ice Cave |    581 |    581 |      0 |    142 |    235 |   1 |  581.0 |
               +--------+--------+--------+--------+--------+-----+--------+

Top non-repeatable levels by time:
     D:8: 2194 daAuts
     D:1: 1374 daAuts
     D:3: 1177 daAuts
     D:2: 1170 daAuts
     D:7: 1059 daAuts
     D:6: 989 daAuts
     D:5: 987 daAuts
     D:9: 884 daAuts
   IceCv: 581 daAuts
     D:4: 516 daAuts
  Lair:1: 485 daAuts
